 Dungeon Crawl Stone Soup version 0.23.0 (webtiles) character file.

Game seed: 4630694353281166126

6085 vishdafish the Cleaver (level 11, -6/84 HPs)
             Began as a Formicid Fighter on Feb 15, 2019.
             Was a High Priest of Yredelemnul.
             Mangled by a death yak (17 damage)
             ... on level 10 of the Dungeon.
             The game lasted 00:14:31 (7170 turns).

vishdafish the Cleaver (Formicid Fighter)           Turns: 7170, Time: 00:14:31

Health: -6/84      AC: 17    Str: 21    XL:     11   Next: 12%
Magic:  0/17       EV: 13    Int: 11    God:    Yredelemnul [*****.]
Gold:   523        SH: 11    Dex: 10    Spells: 7/10 levels left

rFire    . . .     SeeInvis +   M - +0 battleaxe (freeze)
rCold    . . .     Gourm    .   c - +0 shield
rNeg     . . .     Faith    .   b - +0 scale mail
rPois    .         Spirit   +   (helmet unavailable)
rElec    .         Reflect  .   A - +0 cloak
rCorr    .         Harm     .   w - +0 pair of gloves
MR       +....                  l - +2 pair of boots
Stlth    ..........             u - amulet of guardian spirit
HPRegen  0.24/turn              j - +3 ring of protection
MPRegen  0.15/turn              G - +3 ring of evasion

@: no status effects
A: permanent stasis, dig shafts and tunnels, four strong arms, antennae 3
a: Dig, Shaft Self, Recall Undead Slaves, Injury Mirror, Animate Dead, Drain
Life, Enslave Soul, Renounce Religion


You were on level 10 of the Dungeon.
You worshipped Yredelemnul.
Yredelemnul was extremely pleased with you.
You were very hungry.

You visited 1 branch of the dungeon, and saw 10 of its levels.

You collected 523 gold pieces.

Inventory:

Hand Weapons
 a - a +0 war axe
 M - a +0 battleaxe of freezing (weapon)
 N - a +1 dire flail of crushing
Missiles
 q - 217 stones (quivered)
 z - 6 throwing nets
Armour
 b - a +0 scale mail (worn)
 c - a +0 shield (worn)
 l - a +2 pair of boots (worn)
 w - a +0 pair of gloves (worn)
 A - a +0 cloak (worn)
Jewellery
 j - a +3 ring of protection (left hand)
 p - a +5 ring of dexterity
 u - an amulet of guardian spirit (around neck)
 E - an uncursed amulet of magic regeneration
 G - a +3 ring of evasion (right hand)
Wands
 t - a wand of disintegration (36)
 x - a wand of random effects (21)
 C - a wand of flame (31)
Scrolls
 n - a scroll of enchant armour
 s - 2 scrolls of teleportation {unknown}
 y - 6 scrolls of remove curse
 B - a scroll of noise {unknown}
 F - 3 scrolls of identify {unknown}
 H - 3 scrolls of amnesia {unknown}
 J - a scroll of magic mapping {unknown}
 K - a scroll of fear {unknown}
Potions
 d - 3 potions of might
 e - a potion of heal wounds {unknown}
 g - a potion of lignification
 h - 3 potions of invisibility
 i - a potion of berserk rage {unknown}
 k - a potion of brilliance {unknown}
 m - a potion of degeneration {unknown}
 o - a potion of agility {unknown}
 r - 2 potions of curing {unknown}
 v - a potion of cancellation {unknown}
 D - a potion of ambrosia {unknown}
 I - 2 potions of resistance {unknown}
 L - a potion of mutation {unknown}
Comestibles
 f - 14 rations


   Skills:
 + Level 7.3 Fighting
 * Level 9.8 Axes
 + Level 7.6 Armour
 + Level 2.5 Dodging
 - Level 0.1 Stealth
 - Level 8.0 Shields
 - Level 8.1 Invocations


You had 7 spell levels left.
You knew the following spells:

 Your Spells              Type           Power        Failure   Level  Hunger
a - Gell's Gravitas       Tloc           #.........   97%         3    ####...

Your spell library contained the following spells:

 Spells                   Type           Power        Failure   Level  Hunger
 Confusing Touch          Hex            #.....       71%         1    ##.....
 Confuse                  Hex            #.......     97%         3    ####...
 Petrify                  Tmut/Erth      #.......     100%        4    #####..
 Metabolic Englaciation   Hex/Ice        #.........   100%        5    ######.
 Yara's Violent Unravell  Hex/Tmut       #.........   100%        5    ######.


Dungeon Overview and Level Annotations

Branches:
Dungeon (10/15)            Temple (0/1) D:6             Orc (0/2) D:10
   Lair: D:8-11

Altars:
Elyvilon
Fedhas
Nemelex Xobeh
Okawaru
Wu Jian
Yredelemnul
Zin
The Shining One
Beogh


Innate Abilities, Weirdness & Mutations

You cannot be hasted, slowed, berserked, paralysed or teleported.
You can dig through walls and to a lower floor.
Your four strong arms can wield two-handed weapons with a shield.
You have a pair of large antennae on your head. (SInv)


Message History

Your porcupine zombie bites the death yak.
The death yak barely misses your porcupine zombie.
Your porcupine zombie bites the death yak.
You barely miss the death yak.
The death yak is almost dead.
A quokka comes into view.
The death yak gores you!
* * * LOW HITPOINT WARNING * * *
Your porcupine zombie bites the death yak but does no damage.
The quokka moves out of view.
You hit the death yak. You freeze the death yak.
The death yak is almost dead.
The death yak snorts and paws the ground.
The death yak gores your porcupine zombie.
Your porcupine zombie bites the death yak but does no damage.
You hit the death yak but do no damage.
The death yak is almost dead.
The death yak gores you!!
You die...
Your body rises from the dead as a mindless zombie.

#.# #.# #.# #.#
#.# #####'##
...###### #.......
..rZSYYZ#######
#....... r
#@Z.....###.......
{
#######...'.......
#####.......
#.....)) #######)
##. #() #)#
######)#


You could see 2 death yaks, a porcupine, an adder, a centaur skeleton, a
friendly porcupine zombie and a friendly hippogriff zombie.

Vanquished Creatures
  A death yak (D:10)
  A hornet (D:9)
  3 hippogriffs
  Sigmund (D:5)
  Eustachio (D:4)
  A hungry ghost (D:7)
  Edmund (D:6)
  2 water moccasins
  A porcupine (D:10)
  3 ice beasts
  6 orc warriors
  2 ogres (D:7)
  A black bear (D:6)
  A necrophage (D:7)
  3 centaurs
  A big kobold (D:9)
  3 bullfrogs
  A gnoll sergeant (D:8)
  3 scorpions
  5 wights (D:8)
  2 centaur zombies
  2 crimson imps
  A quasit (D:7)
  8 orc priests
  4 hounds
  A gnoll shaman (D:4)
  Crazy Yiuf (D:5)
  3 iguanas
  11 worker ants
  11 orc wizards
  A killer bee zombie (D:8)
  A hound skeleton (D:4)
  4 worker ant zombies
  17 gnolls
  14 adders
  A shadow imp (D:8)
  3 oozes
  4 worms
  2 dart slugs
  4 leopard geckos
  57 orcs
  3 bats
  10 giant cockroaches
  6 goblins
  10 hobgoblins
  4 quokkas
  3 ball pythons (D:3)
  4 frilled lizards
  A jackal skeleton (D:7)
  11 kobolds
  A quokka skeleton (D:7)
  6 rats
  4 fungi (D:5)
256 creatures vanquished.

Vanquished Creatures (collateral kills)
  An orc warrior (D:10)
  An orc priest (D:10)
  7 orcs (D:10)
9 creatures vanquished.

Vanquished Creatures (others)
  A mummy (D:10)
  5 orc zombies (D:10)
  2 plants (D:10)
8 creatures vanquished.

Grand Total: 273 creatures vanquished

Notes
Turn   | Place    | Note
-------+----------+-------------------------------------------
     0 | D:1      | vishdafish the Formicid Fighter began the quest for the
                  | Orb.
     0 | D:1      | Reached XP level 1. HP: 18/18 MP: 1/1
    48 | D:1      | Reached XP level 2. HP: 14/24 MP: 2/2
   354 | D:2      | Reached XP level 3. HP: 29/29 MP: 3/3
   419 | D:2      | Found a glowing silver altar of Zin.
   433 | D:2      | Found a glowing golden altar of the Shining One.
   452 | D:2      | Found an iron altar of Okawaru.
   455 | D:2      | Found a basalt altar of Yredelemnul.
   459 | D:2      | Became a worshipper of Yredelemnul the Dark
   647 | D:2      | Reached XP level 4. HP: 37/37 MP: 4/4
   932 | D:2      | Reached skill level 3 in Axes
  1119 | D:3      | Reached * piety under Yredelemnul
  1318 | D:3      | Reached XP level 5. HP: 39/42 MP: 5/5
  1562 | D:3      | Reached skill level 4 in Axes
  1653 | D:4      | Reached XP level 6. HP: 48/48 MP: 6/6
  1743 | D:4      | Reached skill level 5 in Axes
  1780 | D:4      | Reached XP level 7. HP: 21/54 MP: 7/7
  1992 | D:4      | Reached skill level 5 in Shields
  2097 | D:4      | Noticed Eustachio
  2227 | D:4      | Killed Eustachio
  2227 | D:4      | Reached skill level 1 in Dodging
  2779 | D:4      | Reached skill level 6 in Axes
  2853 | D:4      | Reached XP level 8. HP: 50/61 MP: 8/8
  2867 | D:4      | Reached ** piety under Yredelemnul
  2932 | D:5      | Entered Level 5 of the Dungeon
  2935 | D:5      | Noticed Sigmund
  2944 | D:5      | Killed Sigmund
  2944 | D:5      | Reached skill level 1 in Invocations
  2987 | D:5      | Reached skill level 5 in Armour
  3140 | D:5      | Found a blossoming altar of Fedhas.
  3650 | D:5      | Found a runed translucent door.
  3651 | D:5      | Noticed Crazy Yiuf
  3662 | D:5      | Killed Crazy Yiuf
  3714 | D:6      | Reached skill level 5 in Fighting
  3938 | D:6      | Reached skill level 7 in Axes
  3938 | D:6      | Reached XP level 9. HP: 68/68 MP: 8/11
  4059 | D:6      | Noticed Edmund
  4076 | D:6      | Killed Edmund
  4155 | D:6      | Found a staircase to the Ecumenical Temple.
  4188 | D:7      | Found the +4 robe of Augmentation {Str+4 Int+4 Dex+4}
  4205 | D:7      | Reached skill level 5 in Invocations
  4319 | D:7      | Learned a level 3 spell: Gell's Gravitas
  4455 | D:7      | Reached *** piety under Yredelemnul
  4624 | D:7      | Noticed a hippogriff
  4636 | D:7      | Killed a hippogriff
  4636 | D:7      | Reached skill level 8 in Axes
  4734 | D:7      | Noticed a hippogriff
  4739 | D:7      | Killed a hippogriff
  4739 | D:7      | Reached XP level 10. HP: 75/76 MP: 12/14
  5105 | D:8      | Found an ornate altar of the Wu Jian Council.
  5105 | D:8      | Found a white marble altar of Elyvilon.
  5576 | D:9      | Reached **** piety under Yredelemnul
  5606 | D:9      | Found a sparkling altar of Nemelex Xobeh.
  5614 | D:9      | Reached skill level 9 in Axes
  6162 | D:9      | Found a white marble altar of Elyvilon.
  6532 | D:10     | Entered Level 10 of the Dungeon
  6532 | D:10     | Found a staircase to the Orcish Mines.
  6703 | D:10     | Found a roughly hewn altar of Beogh.
  7044 | D:10     | Reached ***** piety under Yredelemnul
  7142 | D:10     | Reached XP level 11. HP: 45/84 MP: 14/17
  7142 | D:10     | Received a gift from Yredelemnul (a mummy)
  7148 | D:10     | Noticed a death yak
  7155 | D:10     | Noticed a death yak
  7156 | D:10     | Noticed a death yak
  7163 | D:10     | Killed a death yak
  7170 | D:10     | Mangled by a death yak

Skill      XL: |  1  2  3  4  5  6  7  8  9 10 |
---------------+-------------------------------+-----
Shields        | 4 5 6 7 8 |  8.0
Axes           | 3 4 5 6 7 8 9 |  9.8
Fighting       | 4 5 6 7 |  7.3
Armour         | 4 5 6 7 |  7.6
Dodging        | 1 2 |  2.5
Invocations    | 3 6 8 |  8.1
Stealth        | |  0.1

Action                   |  1- 3 |  4- 6 |  7- 9 | 10-12 || total
-------------------------+-------+-------+-------+-------++-------
Melee: War axe           |    70 |   188 |   433 |   262 ||   953
       Battleaxe         |       |       |       |    97 ||    97
Invok: Animate Dead      |       |       |       |     4 ||     4
Evoke: Wand              |       |       |     7 |     7 ||    14
  Use: Scroll            |       |       |     4 |       ||     4
       Potion            |       |       |       |     2 ||     2
 Stab: Invisible         |       |       |       |     1 ||     1
  Eat: Chunk             |       |     3 |     7 |     9 ||    19
       Ration            |       |       |     1 |     2 ||     3
Armor: Scale mail        |    26 |   101 |   268 |   107 ||   502
       Skin              |       |       |       |     6 ||     6
Dodge: Dodged            |    21 |    64 |   201 |   173 ||   459
Block: Shield            |    31 |   127 |   297 |   201 ||   656
